 Dungeon Crawl Stone Soup version 0.19.0-11-g3fc08b3 (webtiles) character file.

23 Jerry the Grave Robber (level 2, -4/14 HPs)
             Began as a Vine Stalker Necromancer on Nov 9, 2016.
             Slain by a gnoll
             ... wielding a +0 spear
              (6 damage)
             ... on level 2 of the Dungeon.
             The game lasted 00:03:48 (1441 turns).

Jerry the Grave Robber (Vine Stalker Necromancer)   Turns: 1441, Time: 00:03:48

Health: -4/14      AC:  2    Str: 10    XL:     2   Next: 95%
Magic:  0/6        EV: 12    Int: 15    God:
Gold:   64         SH:  0    Dex: 14    Spells: 2 memorised, 3 levels left

rFire  . . .     SeeInvis .     k - +1 short sword (holy)
rCold  . . .     Gourm    .     a - +0 robe
rNeg   . . .     Faith    .     (no shield)
rPois  .         Spirit   +     (no helmet)
rElec  .         Reflect  .     (no cloak)
rCorr  .         Harm     .     (no gloves)
MR     .....     Rnd*Tele +     (no boots)
Stlth  ++........               (no amulet)
                                (no ring)
                                l - ring of teleportation (curse)

@: no status effects
A: fangs 2, magic shield, antimagic bite, no device heal 3, rot immunity
a: no special abilities


You were on level 2 of the Dungeon.
You were not hungry.

You visited 1 branch of the dungeon, and saw 2 of its levels.

You collected 64 gold pieces.

Inventory:

Hand Weapons
 d - a +0 dagger
 k - a +1 short sword of holy wrath (weapon)
Armour
 a - a +0 robe (worn)
Jewellery
 l - a cursed ring of teleportation (left hand)
 m - an uncursed ring of stealth {unknown}
Scrolls
 e - 2 scrolls of identify {unknown}
 f - 2 scrolls of remove curse {unknown}
 i - 3 scrolls of amnesia {unknown}
 n - a scroll of magic mapping {unknown}
 o - a scroll of teleportation {unknown}
Potions
 g - 2 potions of curing {unknown}
 h - a potion of resistance {unknown}
 j - a potion of brilliance {unknown}
Books
 b - a book of Necromancy

   Spells                             Type                      Level
   a - Pain                           Necromancy                   1
   b - Animate Skeleton               Necromancy                   1
   c - Vampiric Draining              Necromancy                   3
   d - Regeneration                   Charms/Necromancy            3
   e - Animate Dead                   Necromancy                   4
   f - Control Undead                 Necromancy                   4
Comestibles
 c - 2 bread rations


   Skills:
 + Level 1.0 Fighting
 + Level 1.0 Armour
 - Level 1.5 Dodging
 - Level 2.4 Stealth
 - Level 2.1 Spellcasting
 + Level 4.3 Necromancy


You had 3 spell levels left.
You knew the following spells:

 Your Spells              Type           Power        Failure   Level  Hunger
a - Pain                  Necr           ##..         4%          1    #......
b - Animate Skeleton      Necr           N/A          4%          1    #......


Dungeon Overview and Level Annotations

Branches:
Dungeon (2/15)

Altars:


Innate Abilities, Weirdness & Mutations

You have extremely sharp teeth.
When hurt, damage is shared between your health and your magic reserves.
Your bite disrupts and absorbs the magic of your enemies.
Potions and wands cannot restore your health.
You are immune to rotting.


Message History

The gnoll barely misses you.
A gnoll comes into view.
You hit the gnoll.
The gnoll is lightly wounded.
The gnoll misses you.
You hit the gnoll. Your bite misses the gnoll.
The gnoll is moderately wounded.
The gnoll closely misses you.
You hit the gnoll.
The gnoll is heavily wounded.
The gnoll hits you with a spear.
You barely miss the gnoll.
The gnoll is heavily wounded.
The gnoll hits you with a spear.
* * * LOW HITPOINT WARNING * * *
You swap places.
Your bat skeleton completely misses the gnoll.
Your bat skeleton hits the gnoll but does no damage.
The gnoll hits you from afar with a spear!
You die...

.# . #.# ###.#.
##########.####....
.....#.......#.#.#
...#.##.##.#.#.##
#.#.#####.#.#...........
#..gggZ@..........#.....
###.#####>#.#.......#.##
#.#.##.#(.#.....
..#.......###.##
#######.#.####.##
#.#........ #.#########
#.# ### #.. #..


You could see 3 gnolls and a friendly bat skeleton.

Vanquished Creatures
  7 goblins (D:1)
  2 hobgoblins (D:1)
  3 kobolds (D:1)
  5 bats
  A frilled lizard (D:1)
  3 rats (D:1)
21 creatures vanquished.

Notes
Turn   | Place    | Note
-------+----------+-------------------------------------------
     0 | D:1      | Jerry the Vine Stalker Necromancer began the quest for the Orb.
     0 | D:1      | Reached XP level 1. HP: 9/9 MP: 4/4
     2 | D:1      | Learned a level 1 spell: Animate Skeleton
     8 | D:1      | Noticed a crocodile
     8 | D:1      | Noticed a black bear
     8 | D:1      | Noticed a hog
     8 | D:1      | Noticed a salamander
   348 | D:1      | Reached XP level 2. HP: 14/14 MP: 6/6
   963 | D:1      | Reached skill level 1 in Armour
  1398 | D:2      | Reached skill level 1 in Fighting
  1441 | D:2      | Slain by a gnoll

Skill      XL: |  1  2 |
---------------+-------+-----
Armour         | 1 |  1.0
Fighting       | 1 |  1.0
Dodging        | |  1.5
Stealth        | |  2.4
Spellcasting   | |  2.1
Necromancy     | |  4.3

Action                   || total
-------------------------++-------
Melee: Dagger            ||    32
       Unarmed           ||     3
       Bite              ||    11
       Short sword       ||    20
 Cast: Pain              ||     2
       Animate Skeleton  ||     7
 Stab: Sleeping          ||     6
  Eat: Chunk             ||     2
Armor: Robe              ||     6
Dodge: Dodged            ||    26
